 Dungeon Crawl Stone Soup version 0.31-a0-1098-g6898e6545c (webtiles) character file.

Game seed: 18149172421977143727

177 Dirtsage the Changeling (level 5, -2/35 HPs)
             Began as an Octopode Shapeshifter on Nov 30, 2023.
             Slain by a goblin
             ... wielding a +0 dagger
             ... led by Robin
              (4 damage)
             ... on level 3 of the Dungeon.
             The game lasted 00:05:47 (2341 turns).

Dirtsage the Changeling (Octopode Shapeshifter)     Turns: 2341, Time: 00:05:48

Health: -2/35      AC:  1    Str: 14    XL:     5   Next: 57%
Magic:  5/5        EV: 13    Int: 12    God:
Gold:   99         SH:  0    Dex: 13    Spells: 4/4 levels left

rFire   . .          .
                       - Unarmed
rCold   . . .        (no shield)
rNeg    . . .        (helmet currently unavailable)
rPois   .            (no amulet)
rElec   .            (no ring)
rCorr   .            (no ring)
SInv    .            (no ring)
Will    .....        (no ring)
Stlth   ++           (no ring)
HPRegen 0.25/turn    (no ring)
MPRegen 0.09/turn    (no ring)
                     (no ring)

%: no passive effects
@: beast-form, attractive
A: beast (slay +2), almost no armour, amphibious, 8 rings, camouflage 1,
gelatinous body 1, (nimble swimmer 1), tentacles
a: Begin Untransformation


You were on level 3 of the Dungeon.
You were a hulking beast.
You visited 1 branch of the dungeon, and saw 3 of its levels.

You collected 99 gold pieces.

Inventory:

Magical Staves
 i - a staff of poison
Jewellery
 C - a ring of resist corrosion
Talismans
 b - a beast talisman
 c - a flux talisman
Scrolls
 d - a scroll of vulnerability {unknown}
 e - a scroll of fog {unknown}
 f - 2 scrolls of enchant weapon {unknown}
 g - a scroll of blinking {unknown}
 h - 2 scrolls of identify {unknown}
 j - a scroll of revelation {unknown}
 l - 3 scrolls of amnesia {unknown}
 n - a scroll of summoning {unknown}
 p - a scroll of silence {unknown}
Potions
 a - a potion of lignification
 k - a potion of attraction
 o - a potion of heal wounds {unknown}
 q - a potion of cancellation {unknown}


   Skills:
 + Level 2.6 Fighting
 - Level 2.0 Dodging
 + Level 3.9 Unarmed Combat
 * Level 4.5 Shapeshifting


You had 4 spell levels left.
You didn't know any spells.
Your spell library contained the following spells:

 Spells                   Type           Power      Damage    Failure   Level
 Slow                     Hex            0%         N/A       32%         1
 Confusing Touch          Hex            0%         N/A       69%         3
 Inner Flame              Hex/Fire       0%         N/A       69%         3
 Sigil of Binding         Hex            0%         N/A       69%         3
 Vampiric Draining        Necr           0%         2d6       69%         3
 Flame Wave               Conj/Fire      0%         2d4       97%         4
 Sticky Flame             Conj/Fire      0%         2d3       97%         4


Dungeon Overview and Level Annotations

Branches:
Dungeon (3/15)

Altars:

Shops:
D:2 (

Annotations:
D:3 Robin


Innate Abilities, Weirdness & Mutations

You are a hulking beast.
Your limbs bulge with bestial killing power. (Slay +2)
You cannot wear most types of armour.
You are amphibious.
You can wear up to eight rings at the same time.
Your skin changes colour to match your surroundings (Stealth+).
Your rubbery body absorbs attacks. (AC +1, EV +1)
((You are camouflaged when in or above water. (Stealth+)))
You have tentacles for arms and can constrict up to eight enemies at once.


Message History

You constrict the hobgoblin, but do no damage.
The goblin no longer looks unusually strong.
The hobgoblin barely misses you. Robin throws the goblin at you!
It was a potion of attraction.
You feel attractive to monsters.
You constrict the hobgoblin.
The goblin unwields a +0 sling.
The goblin wields a +0 dagger.
The goblin hits you with a +0 dagger.
* * * LOW HITPOINT WARNING * * *
The hobgoblin hits you!
* * * LOW HITPOINT WARNING * * *
You take 11 damage, and have 1/35 hp.
MASSIVE DAMAGE!!
It was a potion of curing.
You feel better.
You constrict the hobgoblin. The goblin barely misses you.
The hobgoblin hits you.
* * * LOW HITPOINT WARNING * * *
You regained 9 hp, and now have 10/35 hp.
You barely miss the goblin. Your grab misses the goblin.
You constrict the hobgoblin, but do no damage.
The goblin hits you with a +0 dagger.
* * * LOW HITPOINT WARNING * * *
The hobgoblin barely misses you.
You barely miss the goblin. Your grab misses the goblin.
Your tentacle-slap misses the goblin.
You constrict the hobgoblin.
You kill the hobgoblin!
The goblin hits you with a +0 dagger.
* * * LOW HITPOINT WARNING * * *
Robin is attracted toward you.
You take 3 damage, and have 7/35 hp.
You tentacle-slap Robin. Your grab misses Robin. You squeeze Robin.
Robin is heavily wounded.
Robin misses you. The goblin barely misses you.
Robin hits you with a +1 dagger of speed.
* * * LOW HITPOINT WARNING * * *
You take 1 damage, and have 6/35 hp.
You tentacle-slap Robin. You grab Robin. You squeeze Robin, but do no damage.
Robin is severely wounded.
You constrict Robin.
Robin hits you with a +1 dagger of speed.
* * * LOW HITPOINT WARNING * * *
The goblin hits you with a +0 dagger.
You die...

?..#.#####.#### #.#
#...# #.# #.#
#..#####.# #)###
#...!.##.# #....
#.###.##.# ##### #.#
#.##.# #.# #)##.# #.#
#g##.# #.# #h##.# #.#
#g##.# #.# .ยง##.#
#.#...##.#
#.#...##.##########
#.##.###..........####
#.##. #######........
#.##. #.#######
#########.# #.#


You could see Robin and a goblin.

Vanquished Creatures
  An orc priest (D:3)
  Jessica (D:3)
  Natasha (D:2)
  An adder (D:3)
  A shadow imp (D:3)
  3 worms
  A dart slug (D:3)
  4 orcs (D:3)
  4 endoplasms
  A giant cockroach (D:1)
  15 goblins
  6 hobgoblins
  4 jackals
  2 quokkas
  5 ball pythons
  4 bats
  4 frilled lizards
  5 kobolds
  4 rats
67 creatures vanquished.

Notes
Turn   | Place    | Note
-------+----------+-------------------------------------------
     0 | D:1      | Dirtsage the Octopode Shapeshifter began the quest for the
                  | Orb.
     0 | D:1      | Reached XP level 1. HP: 13/13 MP: 1/1
   350 | D:1      | Reached XP level 2. HP: 18/18 MP: 2/2
   528 | D:1      | Found a faded altar of an unknown god.
  1155 | D:2      | Reached XP level 3. HP: 21/23 MP: 3/3
  1287 | D:2      | Found Tyfeeng's Weapon Shoppe.
  1459 | D:2      | Noticed Natasha
  1473 | D:2      | Killed Natasha
  1474 | D:2      | Reached XP level 4. HP: 5/29 MP: 4/4
  1601 | D:3      | Reached skill level 4 in Shapeshifting
  1763 | D:3      | Reached XP level 5. HP: 16/35 MP: 5/5
  1968 | D:3      | Identified the +1 robe of Modesty {rPois}
  2105 | D:3      | Noticed Jessica
  2113 | D:3      | Killed Jessica
  2315 | D:3      | Noticed Robin
  2336 | D:3      | HP: 1/35 [hobgoblin[Robin] (7)]
  2341 | D:3      | Slain by a goblin

Illustrated notes

Levels and vault maps discovered:
D:1:      dpeg_arrival_circle_labyrinth_c, layout_basic,
          shapermc_ecumenical_altar_gd, eino_curves_04, dk_noncrumbling_3
D:2:      layout_rooms, serial_shops, nicolae_lakefront_shop, uniq_natasha
D:3:      minmay_spotlight, layout_loops_ring, uniq_robin, uniq_jessica

Skill      XL: |  1  2  3  4 |
---------------+-------------+-----
Fighting       | 2 |  2.6
Shapeshifting  | 4 |  4.5
Dodging        | |  2.0
Unarmed Combat | |  3.9

Action                     |  1- 3 |  4- 6 || total
---------------------------+-------+-------++-------
  Melee: Unarmed           |    58 |    73 ||   131
         Constrict         |    15 |    19 ||    34
         Tentacles         |     7 |    11 ||    18
         Punch             |       |     2 ||     2
    Use: Potion            |       |     2 ||     2
   Stab: Sleeping          |     6 |     4 ||    10
 Armour: Skin              |    25 |    26 ||    51
  Dodge: Dodged            |    26 |    31 ||    57

Table legend: (Time is in decaauts)
 A = Elapsed time spent in this place.
 B = Non-inter-level travel time spent in this place.
 C = Inter-level travel time spent in this place.
 D = Time resting spent in this place.
 E = Time spent auto-exploring this place.
 F = Levels seen in this place.
 G = Mean time per level.
                   A        B        C        D        E       F      G
               +--------+--------+--------+--------+--------+-----+--------+
         Total |   2331 |   2228 |    103 |     44 |   1824 |   3 |  777.0 |
       Dungeon |   2331 |   2228 |    103 |     44 |   1824 |   3 |  777.0 |
               +--------+--------+--------+--------+--------+-----+--------+

Top non-repeatable levels by time:
     D:1: 1078 daAuts
     D:3: 742 daAuts
     D:2: 511 daAuts
